Map: Chantier naval orbital

Players

Balzac - Winner!

  • Race: Protoss Protoss

AgCl

  • Race: Protoss Protoss

VOD

Have the link to the VOD?

Description

Time

  • Played on: May 6, 2015, 9:07 p.m.
  • Length: 7:07
Show
View Real Time Build Order
Export as new Build Order

Balzac Protoss - Winner!

Build Orders: Oracle Opening, Oracle Opening 

Get SALT Encoding   

  12  0:01  Probe  
  13  0:15  Pylon  
  13  0:19  Probe  
  14  0:33  Probe (Chrono Boost)  
  15  0:37  Gateway  
  15  0:45  Probe (Chrono Boost), Assimilator  
  16  0:50  Assimilator  
  16  0:53  Probe (Chrono Boost)  
  17  1:05  Probe (Chrono Boost), Pylon  
  18  1:16  Probe (Chrono Boost)  
  19  1:23  Cybernetics Core  
  19  1:27  Probe  
  20  1:39  Probe  
  21  1:51  Probe  
  21  2:04  Stargate  
  21  2:08  Warp Gate  
  21  2:21  Nexus  
  21  2:22  Probe (Chrono Boost)  
  22  2:34  Mothership Core (Chrono Boost)  
  24  2:41  Pylon  
  24  2:48  Probe (Chrono Boost)  
  24  2:49  Oracle (Chrono Boost)  
  28  2:56  Probe (Chrono Boost)  
  29  3:06  Probe  
  29  3:09  Pylon  
  30  3:18  Probe  
  31  3:24  Robotics Facility  
  31  3:29  Gateway  
  31  3:33  Probe  
  31  3:34  Probe  
  33  3:45  Probe  
  33  3:46  Probe  
  32  4:05  Phoenix (Chrono Boost)  
  34  4:11  Observer (Chrono Boost)  
  34  4:16  Gateway  
  35  4:20  Assimilator  
  35  4:25  Immortal (Chrono Boost)  
  35  4:26  Phoenix (Chrono Boost)  
  41  4:33  Gateway  
  41  4:45  Phoenix (Chrono Boost)  
  43  4:48  Probe x2  
  45  4:56  Assimilator  
  41  5:05  Observer  
  42  5:07  Phoenix (Chrono Boost)  
  42  5:09  Probe (Chrono Boost)  
  42  5:10  Probe (Chrono Boost)  
  46  5:21  Probe (Chrono Boost)  
  48  5:25  Probe (Chrono Boost)  
  48  5:28  Probe (Chrono Boost)  
  49  5:32  Probe  
  49  5:34  Phoenix (Chrono Boost)  
  52  5:37  Immortal  
  56  5:44  Probe x2  
  56  5:45  Zealot  
  56  5:47  Pylon  
  56  5:48  Pylon  
  60  6:07  Probe  
  60  6:08  Probe  
  60  6:09  Zealot x3  
  60  6:10  Zealot  
  70  6:41  Probe x2  
  72  6:53  Probe x2, Nexus  
  76  7:03  Robotics Bay  
Show
View Real Time Build Order
Export as new Build Order

AgCl Protoss 

Build Orders: Phoenix Opening, Phoenix Opening 

Get SALT Encoding   

  12  0:23  Pylon  
  12  0:25  Probe  
  12  0:26  Assimilator  
  13  0:37  Probe  
  14  0:49  Probe (Chrono Boost)  
  15  0:54  Gateway  
  15  1:02  Probe (Chrono Boost)  
  16  1:11  Probe (Chrono Boost)  
  17  1:19  Probe  
  17  1:23  Assimilator  
  18  1:31  Probe, Pylon  
  19  1:42  Cybernetics Core  
  19  1:43  Probe (Chrono Boost)  
  21  1:54  Probe (Chrono Boost)  
  21  2:00  Probe (Chrono Boost)  
  22  2:23  Warp Gate (Chrono Boost)  
  22  2:24  Nexus  
  22  2:27  Stargate  
  22  2:33  Mothership Core (Chrono Boost)  
  24  2:47  Probe (Chrono Boost)  
  26  2:59  Probe (Chrono Boost)  
  26  3:06  Probe (Chrono Boost)  
  26  3:09  Pylon  
  26  3:12  Twilight Council, Forge  
  27  3:17  Phoenix (Chrono Boost)  
  29  3:20  Probe  
  30  3:32  Probe  
  31  3:40  Phoenix (Chrono Boost)  
  33  3:41  Probe  
  33  3:45  Photon Cannon  
  33  3:47  Probe  
  32  3:59  Probe  
  33  4:04  Phoenix (Chrono Boost)  
  33  4:07  Probe (Chrono Boost)  
  36  4:12  Dark Shrine  
  36  4:14  Probe (Chrono Boost)  
  39  4:25  Probe (Chrono Boost)  
  39  4:26  Probe (Chrono Boost)  
  39  4:31  Assimilator  
  39  4:32  Probe (Chrono Boost)  
  39  4:38  Probe (Chrono Boost)  
  41  4:43  Probe (Chrono Boost)  
  43  4:46  Probe (Chrono Boost)  
  45  4:53  Probe x2 (Chrono Boost)  
  45  5:02  Probe (Chrono Boost)  
  45  5:05  Probe (Chrono Boost)  
  47  5:10  Assimilator  
  47  5:13  Pylon  
  47  5:14  Probe (Chrono Boost)  
  49  5:17  Probe (Chrono Boost)  
  49  5:20  Probe (Chrono Boost), Charge (Chrono Boost)  
  50  5:26  Probe  
  51  5:31  Probe  
  52  5:38  Probe (Chrono Boost)  
  52  5:41  Robotics Facility  
  52  5:42  Pylon  
  53  5:46  Dark Templar  
  53  5:48  Probe (Chrono Boost)  
  56  5:51  Nexus  
  56  5:56  Probe (Chrono Boost)  
  58  5:58  Probe (Chrono Boost)  
  58  6:02  Pylon  
  58  6:03  Probe (Chrono Boost)  
  59  6:05  Pylon  
  59  6:12  Pylon  
  59  6:16  Probe  
  59  6:19  Probe  
  60  6:28  Probe  
  60  6:31  Probe  
  60  6:32  Observer (Chrono Boost)  
  59  6:40  Probe  
  59  6:42  Pylon  
  59  6:43  Probe, Photon Cannon  
  62  6:47  Pylon  
  62  6:51  Gateway  
  62  6:54  Gateway  
  62  6:57  Pylon  
  62  6:59  Gateway x2  
  58  7:02  Dark Templar  
  58  7:04  Gateway  
Tags
 
Add a new tag
Caveats
  • Supply blocks, unpowered buildings, or Contaminate may cause inaccurate times.
  • Supply counts are checked every 10 seconds.